 Dungeon Crawl Stone Soup version 0.20-a0-537-g052e6ba (webtiles) character file.

73 polly the Magician (level 4, -4/24 HPs)
             Began as a Deep Elf Wizard on Jan 28, 2017.
             Slain by a river rat (5 damage)
             ... on level 3 of the Dungeon.
             The game lasted 00:05:55 (1458 turns).

polly the Magician (Deep Elf Wizard)                Turns: 1458, Time: 00:05:55

Health: -4/24      AC:  2    Str:  4    XL:     4   Next: 8%
Magic:  6/13       EV: 13    Int: 26    God:
Gold:   35         SH:  0    Dex: 13    Spells: 9/14 levels left

rFire    . . .     SeeInvis .   (no weapon)
rCold    . . .     Gourm    .   a - +0 robe
rNeg     . . .     Faith    .   (no shield)
rPois    .         Spirit   .   b - +0 hat
rElec    .         Reflect  .   (no cloak)
rCorr    .         Harm     .   (no gloves)
MR       .....                  (no boots)
Stlth    ++........             (no amulet)
Regen    0.1/turn               (no ring)
                                i - +2 ring of intelligence

@: very slightly contaminated
A: no striking features
a: no special abilities


You were on level 3 of the Dungeon.
You were hungry.

You visited 1 branch of the dungeon, and saw 3 of its levels.
You also visited: Sewer.

You collected 35 gold pieces.

Inventory:

Armour
 a - a +0 robe (worn)
 b - a +0 hat (worn)
Jewellery
 i - a +2 ring of intelligence (left hand)
Scrolls
 g - a scroll of remove curse
 h - a scroll of enchant weapon {unknown}
Potions
 e - a potion of degeneration {unknown}
 f - a potion of brilliance {unknown}
 l - a potion of invisibility {unknown}
Books
 c - a book of Minor Magic

   Spells                             Type                      Level
   a - Magic Dart                     Conjuration                  1
   b - Blink                          Translocation                2
   c - Call Imp                       Summoning                    2
   d - Repel Missiles                 Charms/Air                   2
   e - Slow                           Hexes                        2
   f - Conjure Flame                  Conjuration/Fire             3
   g - Mephitic Cloud                 Conjuration/Poison/Air       3
Comestibles
 d - 2 bread rations
 j - a royal jelly


   Skills:
 + Level 3.2 Dodging
 + Level 3.1 Stealth
 + Level 5.8 Spellcasting
 + Level 1.7 Conjurations
   Level 1.1 Summonings
 + Level 1.1 Translocations


You had 9 spell levels left.
You knew the following spells:

 Your Spells              Type           Power        Failure   Level  Hunger
a - Magic Dart            Conj           ###.         3%          1    None
b - Repel Missiles        Chrm/Air       #.....       14%         2    None
c - Blink                 Tloc           N/A          10%         2    None


Dungeon Overview and Level Annotations

Branches:
Dungeon (3/15)

Altars:
Dithmenos

Annotations:
D:2 Sigmund


Message History

Aiming: Magic Dart
Press: ? - help, Shift-Dir - straight line, f/p - river rat
Aim: a river rat The magic dart hits the river rat.
The river rat bites you.
* * * LOW HITPOINT WARNING * * *
You enter the shallow water.
Moving in this stuff is going to be slow.
The river rat misses you. The river rat closely misses you.
There is an empty arch of ancient stone here.
There is a gate leading back out of this place here.
You are feeling hungry.
The river rat bites you.
* * * LOW HITPOINT WARNING * * *
Welcome back to the Dungeon!
There is a collapsed entrance here.
Casting: Magic Dart
Confirm with . or Enter, or press ? or * to list all spells.
You blink.
The river rat bites you.
You die...

####.###..#
#.........#
#.≈≈......#
#≈.≈≈....$#
#≈≈≈≈≈≈..##
###+#≈≈..#
#≈≈≈#≈≈≈.#
#≈§≈#≈≈≈.#
#≈≈r@≈≈..#
##########


You could see a river rat.

Vanquished Creatures
  Ijyb (D:2)
  An adder (D:2)
  A worm (D:2)
  2 leopard geckos
  An orc (D:3)
  A giant cockroach (D:1)
  4 goblins
  7 hobgoblins
  4 jackals (D:3)
  3 bats
  2 frilled lizards (D:1)
  3 kobolds
  3 rats
33 creatures vanquished.

Notes
Turn   | Place    | Note
-------+----------+-------------------------------------------
     0 | D:1      | polly the Deep Elf Wizard began the quest for the Orb.
     0 | D:1      | Reached XP level 1. HP: 10/10 MP: 7/7
   218 | D:1      | Reached XP level 2. HP: 15/15 MP: 3/9
   449 | D:1      | Reached skill level 5 in Spellcasting
   585 | D:2      | Noticed Ijyb
   637 | D:2      | Killed Ijyb
   637 | D:2      | Reached XP level 3. HP: 9/19 MP: 0/11
   853 | D:2      | Found a shadowy altar of Dithmenos.
   928 | D:2      | Noticed Sigmund
   933 | D:2      | Learned a level 2 spell: Repel Missiles
   936 | D:2      | Learned a level 2 spell: Blink
  1250 | D:3      | Reached XP level 4. HP: 13/24 MP: 6/13
  1430 | D:3      | Found a glowing drain.
  1436 | Sewer    | Entered a sewer
  1456 | Sewer    | HP: 1/24 [river rat (2)]
  1458 | D:3      | Slain by a river rat

Vault maps used:
D:1:      lemuel_arrival_funnel
D:2:      nicolae_overflow_hidden_temple, uniq_iyjb, uniq_sigmund
D:3:      portal_sewer_entry_e
Sewer:    sewer_sea

Skill      XL: |  1  2 |
---------------+-------+-----
Spellcasting   | 5 |  5.8
Dodging        | 3 |  3.2
Stealth        | 3 |  3.1
Conjurations   | |  1.7
Summonings     | |  1.1
Translocations | |  1.1

Action                   |  1- 3 |  4- 6 || total
-------------------------+-------+-------++-------
Melee: Unarmed           |       |     4 ||     4
 Cast: Magic Dart        |    87 |    12 ||    99
       Blink             |       |     1 ||     1
  Use: Scroll            |     1 |       ||     1
  Eat: Chunk             |     1 |       ||     1
Armor: Robe              |     5 |     1 ||     6
Dodge: Dodged            |    12 |     4 ||    16
